 Dungeon Crawl Stone Soup version 0.29-a0-356-g7bc237e783 (webtiles) character file.

Game seed: 9007073159188572141

199986 dolemite99 the Severer (level 18, -2/168 HPs)
             Began as a Hill Orc Fighter on Apr 26, 2022.
             Was a Believer of Beogh.
             Shot with a bolt by a yaktaur (23 damage)
             ... on level 1 of the Vaults.
             The game lasted 01:06:31 (57860 turns).

dolemite99 the Severer (Hill Orc Fighter)          Turns: 57860, Time: 01:06:31

Health: -2/168     AC: 32    Str: 27    XL:     18   Next: 49%
Magic:  29/29      EV:  7    Int:  8    God:    Beogh [**....]
Gold:   374        SH: 13    Dex:  8    Spells: 12/17 levels left

rFire   + + +      SeeInvis .   a - +6 broad axe (flame)
rCold   + . .      Faith    +   c - +1 kite shield {reflect}
rNeg    . . .      Spirit   .   Y - +1 plate armour {rF+}
rPois   +          Reflect  +   t - +2 helmet
rElec   +          Harm     .   G - +2 cloak
rCorr   +          Rampage  .   n - +2 pair of gloves
Will    +....                   R - +2 pair of boots {Stlth+}
Stlth   ..........              j - amulet of faith
HPRegen 0.38/turn               E - ring of protection from fire
MPRegen 0.21/turn               x - ring of poison resistance

@: about to teleport, resistant, on berserk cooldown, slowed, very slow
A: clumsy 1, fire resistance 1
}: 1/15 runes: serpentine
a: Renounce Religion, Smiting


You were on level 1 of the Vaults.
You worshipped Beogh.
Beogh was pleased with you.
You visited 6 branches of the dungeon, and saw 30 of its levels.

You collected 3696 gold pieces.
You spent 3322 gold pieces at shops.

Inventory:

Hand Weapons
 a - a +6 broad axe of flaming (weapon)
 b - the +7 fustibalus of Viffiq {freeze, rC+ rN+ Str+3}
   (You found it on level 6 of the Lair of Beasts)

   Any ammunition fired from it freezes those it strikes, dealing additional
   cold damage.
   It can also slow down cold-blooded creatures.
   Str:       It affects your strength (+3).
   rC:        It protects you from cold.
   rN:        It protects you from negative energy.
Missiles
 f - 57 poisoned darts (quivered)
 z - 4 atropa-tipped darts
 Q - 7 curare-tipped darts
 T - 6 javelins
Armour
 c - a +1 kite shield of reflection (worn)
 n - a +2 pair of gloves (worn)
 t - a +2 helmet (worn)
 G - a +2 cloak (worn)
 R - a +2 pair of boots of stealth (worn)
 Y - a +1 plate armour of fire resistance (worn)
Jewellery
 h - a ring of poison resistance
 j - an amulet of faith (around neck)
 p - a ring of see invisible
 x - a ring of poison resistance (right hand)
 y - a ring of protection from cold
 E - a ring of protection from fire (left hand)
Wands
 i - a wand of charming (8)
 L - a wand of digging (7)
 P - a wand of flame (10)
 X - a wand of polymorph (2)
Scrolls
 e - 10 scrolls of teleportation
 k - 2 scrolls of amnesia
 m - a scroll of blinking
 q - 2 scrolls of holy word
 r - 6 scrolls of vulnerability
 s - a scroll of fog
 A - 3 scrolls of magic mapping
 C - 5 scrolls of immolation
 H - 13 scrolls of identify {@r1}
 J - a scroll of brand weapon
 W - 3 scrolls of silence
Potions
 d - 4 potions of might
 g - 6 potions of brilliance
 o - 5 potions of cancellation
 B - 3 potions of magic
 D - 2 potions of flight
 I - 3 potions of ambrosia
 K - 3 potions of attraction
 N - 5 potions of curing
Miscellaneous
 l - a piece from Xom's chessboard (15/15)
 O - a tin of tremorstones (inert)
 V - a lightning rod (2/4)


   Skills:
 + Level 16.4 Fighting
 - Level 17.8 Axes
 - Level 11.9 Throwing
 + Level 15.0 Armour
 - Level 15.5 Shields
 + Level 15.2 Invocations
 - Level 9.3 Evocations


You had 12 spell levels left.
You knew the following spells:

 Your Spells              Type           Power      Damage    Failure   Level
a - Blink                 Tloc           0%         N/A       100%        2
b - Swiftness             Air            0%         N/A       100%        3

Your spell library contained the following spells:

 Spells                   Type           Power      Damage    Failure   Level
 Beastly Appendage        Tmut           0%         N/A       99%         1
 Shock                    Conj/Air       0%         1d3       99%         1
 Wereblood                Tmut           0%         N/A       100%        2
 Ozocubu's Armour         Ice            0%         N/A       100%        3
 Portal Projectile        Hex/Tloc       0%         N/A       100%        3
 Spider Form              Tmut/Pois      0%         N/A       100%        3
 Stone Arrow              Conj/Erth      0%         3d7       100%        3
 Tukima's Dance           Hex            0%         N/A       100%        3
 Airstrike                Air            0%         N/A       100%        4
 Anguish                  Hex/Necr       0%         N/A       100%        4
 Animate Armour           Summ/Erth      0%         N/A       100%        4
 Blade Hands              Tmut           0%         N/A       100%        5
 Excruciating Wounds      Necr           0%         N/A       100%        5
 Fireball                 Conj/Fire      0%         3d3       100%        5
 Iskenderun's Battlesphe  Conj           0%         2d6       100%        5
 Manifold Assault         Tloc           0%         N/A       100%        5
 Metabolic Englaciation   Hex/Ice        0%         N/A       100%        5
 Summon Forest            Summ/Tloc      0%         N/A       100%        5
 Summon Mana Viper        Hex/Summ       0%         N/A       100%        5
 Conjure Ball Lightning   Conj/Air       0%         3x3d6     100%        6
 Simulacrum               Ice/Necr       0%         N/A       100%        6
 Statue Form              Tmut/Erth      0%         N/A       100%        6
 Summon Cactus Giant      Summ           0%         N/A       100%        6
 Enfeeble                 Hex            0%         N/A       100%        7
 Orb of Destruction       Conj           0%         9d5       100%        7
 Storm Form               Tmut/Air       0%         N/A       100%        7
 Lehudib's Crystal Spear  Conj/Erth      0%         10d2      100%        8
 Necromutation            Tmut/Necr      0%         N/A       100%        8


Dungeon Overview and Level Annotations

Branches:
Dungeon (15/15)            Temple (0/1) D:7            Lair (6/6) D:8
 Shoals (2/4) Lair:2        Snake (4/4) Lair:3        Slime (0/5) Lair:5
    Orc (2/2) D:12            Elf (0/3) Orc:2        Vaults (1/5) D:14
 Depths (0/4) D:15

Altars:
Ashenzari
Fedhas
Makhleb
Nemelex Xobeh
Okawaru
Sif Muna
Vehumet

Shops:
Orc:2 *((??   Snake:2 (   Snake:3 !([*

Annotations:
D:13 2 transporters
Lair:6 exclusion: 2 oklob plants
Shoals:2 Aizul
Snake:2 3 runed translucent doors, Cifurakhle's ghost, adept MiBe; greenreed's ghost, journeyman GnAE


Innate Abilities, Weirdness & Mutations

You are clumsy. (Dex -2)
Your flesh is heat resistant. (rF+)


Message History

The yaktaur shoots a bolt.
The bolt hits the wizard!
The green ugly thing gurgles horribly!
You slice the ironbound frostheart!! You burn the ironbound frostheart.
The ironbound frostheart is heavily wounded.
The ice encasing you melts away.
The green ugly thing gurgles horribly!
The yaktaur shouts!
You block the ironbound frostheart's attack.
You feel better.
The green ugly thing gurgles horribly!
The ironbound frostheart barely misses you.
The wizard casts a spell.
The wizard blinks!
You feel better.
You flicker for a moment.
The wizard closely misses you.
The yaktaur shoots a bolt.
You feel better.
You start to feel less resistant.
The green ugly thing gurgles horribly!
A purple ugly thing comes into view.
The wizard hits you but does no damage.
The ironbound frostheart closely misses you.
The ironbound frostheart touches you.
* * * LOW HITPOINT WARNING * * *
The ironbound frostheart freezes you! You resist.
* * * LOW HITPOINT WARNING * * *
The wizard hits you but does no damage.
The purple ugly thing moves out of view.
As you read the scroll of teleportation, it crumbles to dust.
You feel strangely unstable.
The green ugly thing gurgles horribly!
The wizard points at you and mumbles some strange words.
You resist with some effort.
The ironbound frostheart touches you but does no damage.
Okay, then.
You feel protected.
You flicker back into view.
The green ugly thing gurgles horribly!
The purple ugly thing gurgles horribly!
The wizard hits you but does no damage.
You block the ironbound frostheart's attack.
The yaktaur shoots a bolt.
The bolt hits you!!
You die...

#####
#...#
#.).#
#)p.#
##@##
#p#.#
#c#
.#
#u#
c#
#u#
##
#.#
##


You could see 2 ugly things, an ironbound frostheart, 2 yaktaurs and a wizard.

Vanquished Creatures
  Frances (D:14)
  3 nagarajas (Snake:4)
  Roxanne (D:15)
  Donald (Snake:2)
  An orc warlord (Orc:1)
  A vault warden (Vaults:1)
  A stone giant (D:15)
  2 very ugly things
  4 dire elephants (Vaults:1)
  Snorg (D:14)
  A yaktaur captain (Vaults:1)
  Josephine (Shoals:1)
  An ogre mage (D:15)
  A rakshasa (D:15)
  6 hydras
  7 salamander tyrants
  An ironbound frostheart (Vaults:1)
  3 boulder beetles
  12 anacondas
  4 centaur warriors
  A catoblepas (Lair:2)
  Erica (D:8)
  12 naga warriors
  2 two-headed ogres (shapeshifter) (D:15)
  5 tengu warriors
  5 two-headed ogres
  An orc high priest (Orc:2)
  4 death yaks (Lair:5)
  14 naga sharpshooters
  8 shock serpents
  6 skeletal warriors
  8 salamander mystics
  3 sea snakes
  5 naga ritualists
  A deep troll (Vaults:1)
  A deep elf archer (D:14)
  A glowing orange brain (Vaults:1)
  3 ironbound convokers (Vaults:1)
  4 wizards (D:12)
  4 deep elf pyromancers
  2 lindwurms (Snake:4)
  8 harpies (Shoals:1)
  3 orc knights
  A cyclops (D:15)
  17 salamanders
  14 fauns
  4 manticores
  26 ugly things
  5 mana vipers
  6 elephants
  Maurice (D:11)
  A salamander (shapeshifter) (D:13)
  A vault sentinel (Vaults:1)
  4 merfolk sirens
  6 guardian serpents
  36 black mambas
  A water nymph (Shoals:1)
  11 naga magi
  A gargoyle (D:14)
  2 torpor snails (Lair:6)
  21 cane toads
  An unseen horror (D:13)
  4 kobold demonologists
  4 rime drakes
  4 centaur skeletons (D:14)
  2 yaktaurs (Vaults:1)
  An efreet (D:15)
  9 komodo dragons
  A tengu conjurer (D:13)
  4 merfolk
  A queen bee (shapeshifter) (D:15)
  2 polar bears (D:11)
  A troll (D:13)
  2 tyrant leeches (Lair:6)
  2 wind drakes
  Grinder (D:3)
  15 blink frogs (Lair:6)
  13 dream sheep (Lair:6)
  7 slime creatures
  A shadow (D:10)
  13 wraiths
  11 wyverns
  43 yaks
  5 basilisks
  A steam dragon (D:9)
  9 vampire mosquitoes
  4 wargs
  43 nagas
  3 acid dragons
  A hell hound (Lair:5)
  17 water moccasins
  11 orc warriors
  2 ice beasts
  7 black bears
  3 ogres
  13 wolves
  7 centaurs
  3 phantoms
  8 kobold brigands
  Blork the orc (D:5)
  24 bullfrogs
  A necrophage (D:6)
  2 gnoll sergeants
  2 scorpions
  13 killer bees
  3 electric eels
  5 howler monkeys
  A lava snake (D:8)
  4 jellies
  10 orc priests
  2 hounds
  Jessica (D:2)
  A gnoll shaman (D:8)
  3 iguanas
  12 hell rats (Lair:5)
  17 orc wizards
  15 gnolls
  8 adders
  5 white imps
  5 ufetubi
  3 dart slugs
  53 orcs
  9 endoplasms
  3 giant cockroaches
  11 goblins
  4 hobgoblins
  4 jackals (D:5)
  29 kobolds
  2 quokkas
  6 ball pythons
  6 bats
  A frilled lizard (D:1)
  7 rats
865 creatures vanquished.

Vanquished Creatures (collateral kills)
  2 naga warriors (Snake:2)
  2 death yaks (Lair:5)
  2 orc high priests (Orc:2)
  A salamander mystic (Snake:3)
  A naga ritualist (Snake:1)
  5 wizards (D:12)
  2 mana vipers (Snake:1)
  2 orc sorcerers (Orc:2)
  2 orc knights (Orc:2)
  3 salamanders (Snake:3)
  A guardian serpent (Snake:2)
  5 black mambas
  A naga mage (Snake:3)
  A komodo dragon (Lair:6)
  3 blink frogs (Lair:6)
  6 yaks
  A vampire (D:12)
  2 basilisks (Lair:5)
  A vampire mosquito (Lair:6)
  4 orc wizards
  A naga (Snake:3)
  A warg (D:12)
  A hell hound (Lair:5)
  A water moccasin (Lair:6)
  5 orc warriors
  An ogre (Orc:2)
  3 kobold brigands
  An electric eel (Lair:6)
  An orc priest (Orc:2)
  3 orcs
65 creatures vanquished.

Vanquished Creatures (others)
  An anaconda (Snake:4)
  A shock serpent (Snake:3)
  3 orc warriors
  3 orc knights
  A salamander (Snake:3)
  2 orc sorcerers (Orc:2)
  A jelly (D:6)
  10 orc priests
  11 orc wizards
  A gnoll (D:6)
  15 orcs
  3 bushes (Lair:6)
  113 fungi
  236 plants
  6 withered plants (Snake:2)
407 creatures vanquished.

Grand Total: 1337 creatures vanquished

Notes
Turn   | Place    | Note
-------+----------+-------------------------------------------
     0 | D:1      | dolemite99 the Hill Orc Fighter began the quest for the
                  | Orb.
     0 | D:1      | Reached XP level 1. HP: 19/19 MP: 1/1
    65 | D:1      | Reached skill level 3 in Axes
    65 | D:1      | Reached XP level 2. HP: 15/26 MP: 2/2
    70 | D:1      | Reached skill level 4 in Axes
   465 | D:1      | Reached XP level 3. HP: 28/31 MP: 3/3
   958 | D:1      | Reached skill level 5 in Axes
  1471 | D:2      | Noticed Jessica
  1486 | D:2      | Killed Jessica
  1487 | D:2      | Reached XP level 4. HP: 17/39 MP: 4/4
  1776 | D:2      | Reached skill level 6 in Axes
  2534 | D:3      | Reached XP level 5. HP: 5/45 MP: 5/5
  2535 | D:3      | Gained mutation: You are clumsy. (Dex -2) [potion of
                  | mutation]
  2535 | D:3      | Gained mutation: Your flesh is heat resistant. (rF+)
                  | [potion of mutation]
  3109 | D:3      | Identified the +0 buckler of Lifelessness {Str+6}
  3142 | D:3      | Reached skill level 7 in Axes
  3152 | D:3      | Noticed Grinder
  3158 | D:3      | Killed Grinder
  3159 | D:3      | Reached skill level 8 in Axes
  3159 | D:3      | Reached XP level 6. HP: 45/51 MP: 6/6
  3280 | D:3      | Reached skill level 9 in Axes
  3934 | D:4      | Reached XP level 7. HP: 14/57 MP: 7/7
  4511 | D:5      | Entered Level 5 of the Dungeon
  4707 | D:5      | Found a radiant altar of Vehumet.
  4733 | D:5      | Reached skill level 10 in Axes
  4749 | D:5      | Reached skill level 11 in Axes
  5099 | D:5      | Noticed Blork the orc
  5102 | D:5      | Reached XP level 8. HP: 59/64 MP: 8/8
  5110 | D:5      | Reached skill level 12 in Axes
  5131 | D:5      | Killed Blork the orc
  5872 | D:5      | Found a shimmering blue altar of Sif Muna.
  5872 | D:5      | Found an iron altar of Okawaru.
  6109 | D:6      | Became a worshipper of Beogh the Brigand
  6151 | D:6      | Reached skill level 13 in Axes
  6563 | D:6      | Reached skill level 14 in Axes
  6644 | D:6      | Reached XP level 9. HP: 64/69 MP: 9/9
  7314 | D:7      | Reached * piety under Beogh
  7320 | D:7      | Reached skill level 15 in Axes
  7849 | D:7      | Found a staircase to the Ecumenical Temple.
  9089 | D:8      | Reached skill level 5 in Fighting
  9385 | D:8      | Reached ** piety under Beogh
  9388 | D:8      | Reached skill level 5 in Armour
  9388 | D:8      | Reached skill level 5 in Shields
  9792 | D:8      | Found a staircase to the Lair.
 10028 | D:8      | Reached XP level 10. HP: 81/84 MP: 10/10
 10085 | D:8      | Reached skill level 1 in Invocations
 10139 | D:8      | Noticed Erica
 10151 | D:8      | Killed Erica
 10152 | D:8      | Reached skill level 5 in Invocations
 10895 | Lair:1   | Entered Level 1 of the Lair of Beasts
 10909 | Lair:1   | Noticed a black mamba
 10914 | Lair:1   | Killed a black mamba
 11023 | Lair:1   | Noticed a cane toad
 11033 | Lair:1   | Killed a cane toad
 11377 | Lair:1   | Noticed a black mamba
 11392 | Lair:1   | Killed a black mamba
 12456 | Lair:2   | Noticed a manticore
 12456 | Lair:2   | Noticed a black mamba
 12456 | Lair:2   | Found a staircase to the Shoals.
 12463 | Lair:1   | Killed a black mamba
 12464 | Lair:1   | Reached XP level 11. HP: 87/94 MP: 8/17
 12705 | D:9      | Noticed a skeletal warrior
 12717 | D:9      | Noticed a skeletal warrior
 12717 | D:9      | Noticed a skeletal warrior
 12720 | D:9      | Noticed a skeletal warrior
 12723 | D:9      | HP: 1/95 [skeletal warrior/+0 mace[a skeletal warrior]
                  | (14)]
 13149 | D:10     | Entered Level 10 of the Dungeon
 14248 | D:11     | Noticed Maurice
 14681 | D:9      | Reached skill level 10 in Invocations
 15503 | Lair:2   | Killed a manticore
 15654 | Lair:2   | Noticed a catoblepas
 15671 | Lair:2   | Killed a catoblepas
 15731 | Lair:2   | Reached skill level 10 in Fighting
 16144 | Lair:2   | Noticed a four-headed hydra
 16446 | Lair:1   | Reached skill level 1 in Evocations
 16974 | Lair:2   | Killed a four-headed hydra
 17118 | Lair:2   | Reached XP level 12. HP: 94/106 MP: 20/20
 17293 | Lair:2   | Reached skill level 5 in Evocations
 19898 | Lair:3   | Found a staircase to the Snake Pit.
 21902 | Lair:4   | Reached skill level 16 in Axes
 22381 | Lair:5   | Found a staircase to the Slime Pits.
 22381 | Lair:5   | Noticed an eight-headed hydra
 22384 | Lair:5   | Killed an eight-headed hydra
 23004 | Lair:5   | Noticed a death yak
 23004 | Lair:5   | Noticed a death yak
 23004 | Lair:5   | Noticed a death yak
 23004 | Lair:5   | Noticed a death yak
 23004 | Lair:5   | Noticed a death yak
 23004 | Lair:5   | Noticed a death yak
 23010 | Lair:5   | Killed a death yak
 23011 | Lair:5   | Reached XP level 13. HP: 116/116 MP: 22/22
 23225 | Lair:5   | Reached skill level 10 in Shields
 24420 | Lair:5   | Reached skill level 10 in Armour
 24421 | Lair:5   | Reached *** piety under Beogh
 24445 | Lair:5   | Gained Syrus as an ally
 25182 | Lair:6   | Entered Level 6 of the Lair of Beasts
 25197 | Lair:6   | Your ally Syrus died
 25353 | Lair:6   | Reached skill level 1 in Throwing
 27378 | Lair:6   | Reached **** piety under Beogh
 27612 | Lair:6   | Reached XP level 14. HP: 98/125 MP: 23/23
 27931 | Lair:6   | Reached skill level 5 in Throwing
 29016 | Lair:6   | Identified the +7 fustibalus of Viffiq {freeze, rC+ rN+
                  | Str+3}
 32029 | D:9      | Learned a level 2 spell: Blink
 32033 | D:9      | Learned a level 3 spell: Swiftness
 32177 | D:11     | Killed Maurice
 32469 | D:11     | Reached skill level 15 in Invocations
 32892 | D:12     | Identified the +10 battleaxe "Wyucos" {vorpal, rPois}
 33049 | D:12     | Found a staircase to the Orcish Mines.
 33195 | D:12     | Gained Arbolt as an ally
 33718 | D:13     | Found a transporter.
 33721 | D:13     | Found a transporter.
 34505 | D:13     | Reached XP level 15. HP: 83/132 MP: 11/26
 34720 | D:13     | Reached skill level 17 in Axes
 35386 | D:14     | Noticed Frances
 35395 | D:14     | Killed Frances
 36027 | D:14     | Noticed Snorg
 36039 | D:14     | Killed Snorg
 36518 | D:14     | Found a gate to the Vaults.
 36682 | D:14     | Reached skill level 10 in Throwing
 37148 | D:14     | Found a broken altar of Ashenzari.
 37255 | D:15     | Entered Level 15 of the Dungeon
 38716 | D:15     | Identified Roxanne's Compendium of Moulding
 38716 | D:15     | Noticed Roxanne
 38739 | D:15     | Killed Roxanne
 39176 | D:15     | Found a staircase to the Depths.
 39406 | D:14     | Reached XP level 16. HP: 75/139 MP: 27/27
 40213 | Orc:1    | Entered Level 1 of the Orcish Mines
 40561 | Orc:2    | Entered Level 2 of the Orcish Mines
 40561 | Orc:2    | Found a staircase to the Elven Halls.
 40645 | Orc:2    | Found Munyuf Pusm's Magic Scroll Shop.
 40728 | Orc:2    | Found a burning altar of Makhleb.
 40988 | Orc:2    | Gained Gorg as an ally
 40993 | Orc:2    | Your ally Gorg died
 41107 | Orc:2    | Paralysed by an orc sorcerer for 3 turns
 41384 | Orc:2    | Found Laneane's Magic Scroll Emporium.
 41384 | Orc:2    | Found Dosaureo's Assorted Antiques.
 41386 | Orc:2    | Found Kigafo's Antique Weapon Boutique.
 41386 | Orc:2    | Found Yskec's Weapon Boutique.
 41666 | Orc:2    | Bought a scroll of blinking for 105 gold pieces
 41666 | Orc:2    | Bought a scroll of holy word for 105 gold pieces
 41666 | Orc:2    | Bought a scroll of fear for 49 gold pieces
 41666 | Orc:2    | Bought a scroll of teleportation for 42 gold pieces
 41678 | Orc:2    | Bought 2 potions of curing for 156 gold pieces
 41678 | Orc:2    | Bought a scroll of fog for 52 gold pieces
 41678 | Orc:2    | Bought a potion of flight for 78 gold pieces
 41678 | Orc:2    | Bought a wand of acid (5) for 208 gold pieces
 41678 | Orc:2    | Bought a ring of poison resistance for 520 gold pieces
 41734 | Orc:2    | Bought a scroll of brand weapon for 280 gold pieces
 41734 | Orc:2    | Bought 2 scrolls of blinking for 210 gold pieces
 41734 | Orc:2    | Bought a scroll of vulnerability for 105 gold pieces
 41734 | Orc:2    | Bought a scroll of vulnerability for 105 gold pieces
 41882 | Snake:1  | Entered Level 1 of the Snake Pit
 43275 | Snake:1  | Found a sparkling altar of Nemelex Xobeh.
 44783 | Snake:2  | Noticed Donald
 44793 | Snake:2  | Killed Donald
 44987 | Snake:2  | Found a runed translucent gate.
 44987 | Snake:2  | Found a runed translucent gate.
 44987 | Snake:2  | Found a runed translucent gate.
 44988 | Snake:2  | Noticed greenreed's ghost (journeyman GnAE)
 44989 | Snake:2  | Noticed Cifurakhle's ghost (adept MiBe)
 45336 | Snake:2  | Found a blossoming altar of Fedhas.
 46636 | Snake:2  | Found Ruodgh's Weapon Boutique.
 47423 | Snake:3  | Identified the +6 dagger of the End of Times {vorpal, rF-
                  | Int+5 Dex+2 Stlth+}
 47761 | Snake:3  | Found Anugg's Antique Armour Shoppe.
 47764 | Snake:3  | Found Xiz Cal's General Store.
 47764 | Snake:3  | Found Ceyrim's Distillery.
 47776 | Snake:3  | Found Ytsecees's Antique Weapon Emporium.
 47779 | Snake:3  | Bought a potion of heal wounds for 80 gold pieces
 47779 | Snake:3  | Bought a scroll of teleportation for 48 gold pieces
 47779 | Snake:3  | Bought a scroll of magic mapping for 56 gold pieces
 47791 | Snake:3  | Bought a potion of invisibility for 128 gold pieces
 47813 | Snake:3  | Reached XP level 17. HP: 129/154 MP: 28/28
 49673 | Snake:4  | Entered Level 4 of the Snake Pit
 49689 | Snake:4  | Identified a scroll of acquirement
 49690 | Snake:4  | Acquired 937 gold pieces
 49788 | Snake:4  | Reached skill level 15 in Fighting
 50519 | Snake:4  | Reached ***** piety under Beogh
 52097 | Snake:4  | Reached skill level 15 in Shields
 54248 | Snake:4  | Reached XP level 18. HP: 139/166 MP: 24/29
 54538 | Snake:4  | Got a serpentine rune of Zot
 54797 | Shoals:1 | Entered Level 1 of the Shoals
 54797 | Shoals:1 | Noticed Josephine
 54815 | Shoals:1 | Killed Josephine
 56396 | Shoals:2 | Noticed Aizul
 56693 | Snake:3  | Bought a runed hat for 203 gold pieces
 56697 | Snake:3  | Bought a runed scarf for 232 gold pieces
 56725 | Snake:3  | Bought a potion of invisibility for 128 gold pieces
 56725 | Snake:3  | Bought a potion of curing for 48 gold pieces
 56725 | Snake:3  | Bought a potion of magic for 128 gold pieces
 56725 | Snake:3  | Bought a potion of cancellation for 128 gold pieces
 56725 | Snake:3  | Bought a potion of cancellation for 128 gold pieces
 56994 | Vaults:1 | Entered Level 1 of the Vaults
 57851 | Vaults:1 | Reached skill level 15 in Armour
 57860 | Vaults:1 | Shot with a bolt by a yaktaur

Illustrated notes

Levels and vault maps discovered:
D:1:      nzn_arrival_depleted_hourglass, layout_basic
D:2:      layout_rooms, uniq_jessica, uniq_crazy_yiuf_cottage
D:3:      layout_basic, uniq_grinder
D:4:      layout_cave_pools
D:5:      layout_loops_ring, gammafunk_temple_overflow_elements,
          minmay_ruined_shrine, uniq_blork_the_orc
D:6:      layout_loops_ring, st_stairs_12
D:7:      layout_layer_cave, minmay_temple_entry_statues_pillars
D:8:      layout_loops_corners, due_lair_maze_entry_diamond,
          kennysheep_generic_room_9, uniq_erica
D:9:      wad_statue_garden, layout_basic
D:10:     layout_rooms
D:11:     layout_cave_pools, serial_ice, serial_ice_l, serial_ice_f,
          serial_ice_g, serial_ice_h, portal_ice_cave_entry_pillars_1,
          uniq_maurice
D:12:     minmay_wizard_corner, layout_stronghold, minmay_orc_entry_guard_dogs
D:13:     gammafunk_wand_slinger, layout_layer_cave
D:14:     layout_loops_ring, hangedman_vaults_entry_quadrant_bands,
          nicolae_ashenzari_skybound, uniq_snorg, uniq_frances
D:15:     grunt_enter_depths_snipers, layout_cave_pools,
          minmay_misc_feat_encased, columned_hall_lemuel, uniq_roxanne
Lair:1:   layout_roguey, serial_bayou_shore_a
Lair:2:   layout_layer_cave, minmay_shoals_entry_beasts, grunt_megastairs_5
Lair:3:   layout_cave_pods, minmay_snake_entry_six_corridors,
          serial_bayou_crossing
Lair:4:   layout_cave_pods
Lair:5:   layout_roguey [special_room_mythical_zoo], minmay_slime_entry_pillars,
          lemuel_fruit_fields
Lair:6:   minmay_lair_end_frog_pond, layout_small_grid, dpeg_oklob_1
Shoals:1: layout_shoals, uniq_josephine
Shoals:2: layout_shoals, ebering_ghost_disaster_area,
          nicolae_shoals_square_sea_wall, nicolae_take_the_stairs, uniq_aizul
Snake:1:  layout_chambers, basic_altar, serial_bayou_shore_b
Snake:2:  layout_grid_maze, serial_shops, shop, basic_altar,
          gammafunk_ghost_cemetery, uniq_donald
Snake:3:  layout_chambers, nicolae_snake_guarding_the_ruins, lemuel_fruit_tree,
          minmay_shoptagon
Snake:4:  snake_pit_salamanders_mu, layout_cave_town
Orc:1:    layout_caves, nicolae_shop_overcharged_wands
Orc:2:    st_orc_elflike, layout_caves, serial_shops, shop, basic_altar
Vaults:1: grunt_tower_of_power, nicolae_vaults_network_quincunx
          [nicolae_vaults_network_quincunx_subvault,
          nicolae_vaults_network_quincunx_subvault,
          nicolae_vaults_network_quincunx_subvault,
          nicolae_vaults_network_quincunx_subvault,
          nicolae_vaults_network_quincunx_subvault], hangedman_vaults_slice,
          hangedman_vaults_nodes, vaults_room_octagon,
          nicolae_vaults_little_squares_6, nicolae_vaults_inception_scallops,
          nicolae_vaults_little_squares_5, nicolae_vaults_yaktaur_gun_rack,
          v_pattern_3, vaults_mumra_minichess, ontoclasm_vaults_shuriken,
          layout_vaults_omnibox

Skill      XL: |  1  2  3  4  5  6  7  8  9 10 11 12 13 14 15 16 17 18 |
---------------+-------------------------------------------------------+-----
Axes           | 3 4 5 6 8 9 11 14 15 16 17 | 17.8
Fighting       | 6 8 10 11 12 14 16 | 16.4
Armour         | 5 7 8 9 10 13 14 15 | 15.0
Shields        | 5 8 11 13 15 | 15.5
Invocations    | 9 10 12 15 | 15.2
Evocations     | 4 5 9 |  9.3
Throwing       | 4 8 11 | 11.9

Action                   |  1- 3 |  4- 6 |  7- 9 | 10-12 | 13-15 | 16-18 || total
-------------------------+-------+-------+-------+-------+-------+-------++-------
Melee: War axe           |    90 |   110 |   309 |   574 |   663 |       ||  1746
       Broad axe         |       |       |       |       |   323 |   779 ||  1102
 Fire: Fustibalus        |       |       |       |       |     5 |    18 ||    23
Throw: Dart              |     8 |    22 |    24 |    79 |    72 |   162 ||   367
       Stone             |       |       |    23 |     1 |     3 |       ||    27
       Boomerang         |       |       |       |       |    52 |   272 ||   324
       Javelin           |       |       |       |       |    46 |    14 ||    60
Invok: Convert to Beogh  |       |       |     1 |       |       |       ||     1
       Smiting           |       |       |       |    15 |    52 |    51 ||   118
Evoke: Wand              |       |       |       |    18 |     8 |    73 ||    99
       Tin of tremorston |       |       |       |       |     3 |     8 ||    11
       Lightning rod     |       |       |       |       |     6 |    17 ||    23
       Piece from Xom's  |       |       |       |       |       |     2 ||     2
  Use: Potion            |       |     5 |     5 |    10 |     2 |    19 ||    41
       Scroll            |       |       |    17 |    17 |    11 |    19 ||    64
 Stab: Petrified         |       |       |       |     8 |       |       ||     8
       Distracted        |       |       |       |     1 |     4 |     4 ||     9
       Paralysed         |       |       |       |       |     5 |     1 ||     6
       Invisible         |       |       |       |       |       |     1 ||     1
Armor: Scale mail        |    45 |    51 |       |       |       |       ||    96
       Plate armour      |       |       |   169 |   230 |   526 |   511 ||  1436
       Skin              |       |       |    75 |    24 |       |       ||    99
Dodge: Dodged            |    56 |    48 |    78 |   115 |   190 |   180 ||   667
Block: Buckler           |    34 |    28 |    41 |   103 |       |       ||   206
       Kite shield       |       |       |       |    10 |   484 |   482 ||   976
       Reflection        |       |       |       |       |       |    51 ||    51

Table legend: (Time is in decaauts)
 A = Elapsed time spent in this place.
 B = Non-inter-level travel time spent in this place.
 C = Inter-level travel time spent in this place.
 D = Time resting spent in this place.
 E = Time spent auto-exploring this place.
 F = Levels seen in this place.
 G = Mean time per level.
                   A        B        C        D        E       F      G
               +--------+--------+--------+--------+--------+-----+--------+
         Total |  57675 |  55493 |   2182 |  23664 |  22387 |  30 | 1922.5 |
       Dungeon |  23225 |  22353 |    872 |   8267 |  10164 |  15 | 1548.3 |
          Lair |  17814 |  17169 |    645 |   9260 |   5470 |   6 | 2969.0 |
        Shoals |   1861 |   1789 |     72 |    505 |    787 |   2 |  930.5 |
     Snake Pit |  12406 |  11966 |    440 |   4865 |   4957 |   4 | 3101.5 |
  Orcish Mines |   1516 |   1365 |    151 |    265 |    798 |   2 |  758.0 |
        Vaults |    851 |    851 |      0 |    500 |    209 |   1 |  851.0 |
               +--------+--------+--------+--------+--------+-----+--------+

Top non-repeatable levels by time:
 Snake:4: 4951 daAuts
  Lair:3: 3632 daAuts
  Lair:6: 3519 daAuts
  Lair:5: 3469 daAuts
    D:14: 2770 daAuts
 Snake:3: 2707 daAuts
  Lair:1: 2616 daAuts
     D:9: 2598 daAuts
 Snake:2: 2581 daAuts
  Lair:4: 2492 daAuts
 Snake:1: 2166 daAuts
  Lair:2: 2083 daAuts
    D:13: 1971 daAuts
     D:8: 1948 daAuts
    D:15: 1804 daAuts
